 Dungeon Crawl Stone Soup version 0.20.1-1-g8b1a95d (webtiles) character file.

168 SMFloris the Sneak (level 5, 0/39 HPs)
             Began as a Demonspawn Assassin on July 2, 2017.
             Slain by tschems's ghost (8 damage)
             ... on level 3 of the Dungeon on July 3, 2017.
             The game lasted 00:23:50 (2915 turns).

SMFloris the Sneak (Demonspawn Assassin)            Turns: 2915, Time: 00:23:50

Health: 0/39       AC:  3    Str: 12      XL:     5   Next: 24%
Magic:  5/5        EV: 12    Int: 12 (13) God:
Gold:   131        SH:  0    Dex: 13 (14) Spells: 4/4 levels left

rFire    . . .     SeeInvis .   E - +2 short sword (venom)
rCold    . . .     Gourm    .   (no shield)
rNeg     . . .     Faith    .   c - +0 robe
rPois    .         Spirit   .   (no helmet)
rElec    .         Reflect  .   d - +0 cloak
rCorr    .         Harm     .   (no gloves)
MR       .....                  (no boots)
Stlth    +++.......             (no amulet)
Regen    0.2/turn               u - ring of flight
MPRegen  0.1/turn               (no ring)

@: no status effects
A: talons 2
a: Evoke Flight


You were on level 3 of the Dungeon.
You were not hungry.

You visited 1 branch of the dungeon, and saw 3 of its levels.

You collected 131 gold pieces.

Inventory:

Hand Weapons
 a - a +3 dagger
 b - a +0 blowgun
 l - a +0 dagger
 q - a +0 short sword
 s - a +2 hunting sling of velocity
 v - a cursed -2 short sword
 E - a +2 short sword of venom (weapon)
Missiles
 e - 28 poisoned needles (quivered)
 f - 2 curare-tipped needles
 h - 31 bolts
 i - 21 sling bullets
 k - 75 stones
 y - 67 arrows
Armour
 c - a +0 robe (worn)
 d - a +0 cloak (worn)
 m - a +0 scale mail
 o - a +0 robe
 r - a +0 leather armour
 t - a +0 ring mail
 w - a +0 chain mail
 x - a +0 ring mail
 A - a +0 helmet
Jewellery
 u - a ring of flight (left hand)
Scrolls
 n - 2 scrolls of amnesia
 z - a scroll of enchant armour
 B - a scroll of enchant weapon
 F - 2 scrolls of remove curse
Potions
 j - a potion of brilliance
 D - a potion of curing
Comestibles
 g - 2 bread rations
 p - 3 meat rations
 G - a fruit


   Skills:
 + Level 2.4 Fighting
 + Level 2.8 Short Blades
 + Level 2.1(2.5) Slings
 + Level 2.0(2.4) Throwing
 + Level 1.3 Dodging
 + Level 4.5 Stealth


You had 4 spell levels left.
You didn't know any spells.

Dungeon Overview and Level Annotations

Branches:
Dungeon (3/15)

Altars:

Annotations:
D:3 tschems's ghost, amateur HuFi


Innate Abilities, Weirdness & Mutations

You have razor-sharp toenails.


Message History

You feel much better. Tschems's ghost hits you! Tschems's ghost hits you.
Tschems's ghost makes a sound of rattling chains.
A leopard gecko comes into view.
Tschems's ghost hits you!
* * * LOW HITPOINT WARNING * * *
The leopard gecko hisses angrily.
You closely miss the leopard gecko.
You claw the leopard gecko, but do no damage.
The leopard gecko closely misses you. Tschems's ghost barely misses you.
The leopard gecko barely misses you.
You hit the leopard gecko.
The leopard gecko is poisoned.
The leopard gecko is heavily wounded.
You kill the leopard gecko!
Tschems's ghost hits you.
* * * LOW HITPOINT WARNING * * *
Tschems's ghost barely misses you.
Tschems's ghost says, "Try not to bleed too much."
Tschems's ghost hits you!
You die...

#.# #.# #.#
###.# #.# #.#
.†..#########.#
#.#
###.).........#
#.#
#.###########
#.# #.# #K# #.#
#.# #.#
########W# #.#
.......@.# #.#
########## #..


You could see tschems's ghost and a kobold.

Vanquished Creatures
  Natasha (D:3)
  3 adders
  4 gnolls (D:3)
  3 worms (D:2)
  3 dart slugs
  4 leopard geckos
  An orc (D:3)
  7 bats
  A giant cockroach (D:1)
  6 hobgoblins
  2 jackals (D:3)
  5 kobolds
  A quokka (D:2)
  6 frilled lizards
  7 goblins
  8 rats
62 creatures vanquished.

Notes
Turn   | Place    | Note
-------+----------+-------------------------------------------
     0 | D:1      | SMFloris the Demonspawn Assassin began the quest for the Orb.
     0 | D:1      | Reached XP level 1. HP: 16/16 MP: 1/1
   217 | D:1      | Reached skill level 1 in Dodging
   310 | D:1      | Reached skill level 4 in Stealth
   310 | D:1      | Gained mutation: You have sharp toenails. [demonic ancestry]
   310 | D:1      | Reached XP level 2. HP: 22/22 MP: 2/2
  1663 | D:2      | Reached XP level 3. HP: 22/27 MP: 3/3
  2240 | D:2      | Reached XP level 4. HP: 34/34 MP: 4/4
  2559 | D:3      | Reached skill level 1 in Slings
  2638 | D:3      | Noticed Natasha
  2663 | D:3      | Killed Natasha
  2663 | D:3      | Gained mutation: You have razor-sharp toenails. [demonic ancestry]
  2663 | D:3      | Reached XP level 5. HP: 21/39 MP: 5/5
  2865 | D:3      | Noticed tschems's ghost (amateur HuFi)
  2915 | D:3      | Slain by tschems's ghost

Skill      XL: |  1  2  3  4 |
---------------+-------------+-----
Dodging        | 1 |  1.3
Stealth        | 4 |  4.5
Short Blades   | 2 |  2.8
Slings         | 2 |  2.1
Throwing       | 2 |  2.0
Fighting       | |  2.4

Action                   |  1- 3 |  4- 6 || total
-------------------------+-------+-------++-------
Melee: Dagger            |   116 |       ||   116
       Kick              |    16 |    10 ||    26
       Short sword       |       |    35 ||    35
 Fire: Hunting sling     |    18 |    25 ||    43
       Blowgun           |     1 |       ||     1
Throw: Stone             |     6 |       ||     6
  Use: Potion            |     8 |     1 ||     9
       Scroll            |     4 |     5 ||     9
 Stab: Sleeping          |       |     2 ||     2
  Eat: Bread ration      |     1 |       ||     1
       Fruit             |       |     2 ||     2
Armor: Robe              |    36 |     2 ||    38
Dodge: Dodged            |    72 |    21 ||    93
